 Dungeon Crawl Stone Soup version 0.30-a0-272-gf98c3da03f (webtiles) character file.

Game seed: 14601625127120355824

20659 Pooter the Severer (level 12, -2/110 HPs)
             Began as a Minotaur Berserker on Oct 15, 2022.
             Was an Elder of Trog.
             Slain by a red devil
             ... wielding a +2 demon trident of venom
             ... summoned by an orc sorcerer
              (9 damage)
             ... on level 2 of the Orcish Mines.
             The game lasted 01:19:18 (15025 turns).

Pooter the Severer (Minotaur Berserker)            Turns: 15025, Time: 01:19:18

Health: -2/110     AC: 21    Str: 20    XL:     12   Next: 47%
Magic:  11/11      EV:  7    Int:  4    God:    Trog [****..]
Gold:   487        SH:  5    Dex:  6    Spells: 11/11 levels left

rFire   . . .      SeeInvis +    a - +3 battleaxe (freeze)
rCold   + . .      Faith    .    (shield currently unavailable)
rNeg    + . .      Spirit   .    J - +4 chain mail {rC+}
rPois   .          Reflect  +    (helmet restricted)
rElec   .          Harm     .    m - +2 cloak {rCorr}
rCorr   +          Rampage  .    k - +2 pair of gloves
Will    .....                    y - +1 pair of boots
Stlth   ..........               i - amulet "Tuwin" {Reflect rN+ Regen+ rCorr Str-5 Dex-4 SH+5}
HPRegen 1.18/turn                z - ring of see invisible
MPRegen 0.12/turn                C - ring of resist corrosion

@: lethally poisoned (-2 -> -4), spiked, invisible
A: horns 2, retaliatory headbutt, clumsy 1
a: Renounce Religion, Berserk, Trog's Hand, Brothers in Arms


You were on level 2 of the Orcish Mines.
You worshipped Trog.
Trog was greatly pleased with you.
You visited 2 branches of the dungeon, and saw 12 of its levels.
You visited 1 bazaar.

You collected 2072 gold pieces.
You spent 1585 gold pieces at shops.

Inventory:

Hand Weapons
 a - a +3 battleaxe of freezing (weapon)
   (You acquired it on level 7 of the Dungeon)
 b - a +0 vorpal arbalest
   (You took it off an orc warrior on level 2 of the Orcish Mines)
 h - a +0 morningstar
   (You took it off an orc on level 8 of the Dungeon)
Missiles
 j - a curare-tipped dart
 D - 6 silver javelins
 G - 7 poisoned darts
 H - 16 boomerangs (quivered)
 Q - 68 stones
 W - a datura-tipped dart
Armour
 k - a +2 pair of gloves (worn)
   (You found it on level 2 of the Dungeon)
 l - a scarf of invisibility
   (You found it on level 2 of the Dungeon)
 m - a +2 cloak of preservation (worn)
   (You found it on level 7 of the Dungeon)
 y - a +1 pair of boots (worn)
   (You found it on level 1 of the Dungeon)
 J - a +4 chain mail of cold resistance (worn)
   (You took it off Ijyb on level 5 of the Dungeon)
 T - a +0 plate armour
   (You took it off an orc warrior on level 9 of the Dungeon)
Jewellery
 i - the amulet "Tuwin" (around neck) {Reflect rN+ Regen+ rCorr Str-5 Dex-4 SH+5}
   (You bought it in a shop in a bazaar)

   [amulet of reflection]

   It reflects blocked missile attacks.
   Str:       It affects your strength (-5).
   Dex:       It affects your dexterity (-4).
   rN:        It protects you from negative energy.
   Regen:     It increases your rate of health regeneration.
   rCorr:     It protects you from acid and corrosion.
   SH:        It affects your SH (+5).
 z - a ring of see invisible (left hand)
   (You bought it in a shop in a bazaar)
 C - a ring of resist corrosion (right hand)
   (You found it on level 1 of the Dungeon)
 K - a ring of flight
   (You found it on level 5 of the Dungeon)
 N - a ring of positive energy
   (You found it on level 7 of the Dungeon)
Wands
 d - a wand of iceblast (18)
   (You found it on level 5 of the Dungeon)
 o - a wand of polymorph (1)
   (You took it off Robin on level 3 of the Dungeon)
 u - a wand of paralysis (12)
   (You found it on level 5 of the Dungeon)
 x - a wand of acid (12)
   (You took it off Ijyb on level 5 of the Dungeon)
 R - a wand of mindburst (30)
   (You found it on level 7 of the Dungeon)
Scrolls
 e - 2 scrolls of enchant armour
 n - 2 scrolls of summoning
 q - a scroll of fear
 r - a scroll of amnesia {unknown}
 s - 3 scrolls of poison {!r}
 t - 5 scrolls of teleportation {@r4}
 v - a scroll of brand weapon {unknown}
 E - a scroll of vulnerability {!r}
 L - a scroll of silence
 O - 2 scrolls of torment {!r}
 P - a scroll of magic mapping
 S - 2 scrolls of noise {!r}
 U - a scroll of immolation {!r}
 V - a scroll of blinking
Potions
 c - 10 potions of heal wounds {@q2}
 f - a potion of magic {unknown}
 g - 11 potions of curing {@q1}
 p - a potion of invisibility
 w - a potion of might {unknown}
 A - 2 potions of ambrosia
 B - 4 potions of mutation {!q}
 F - a potion of haste {unknown}
 I - a potion of flight
 M - 2 potions of attraction {!q}


   Skills:
 + Level 11.0 Fighting
 * Level 15.0 Axes
 - Level 1.0 Staves
 * Level 12.9 Ranged Weapons
 - Level 2.4 Armour
 - Level 2.1 Dodging
 + Level 7.7 Evocations


You had 11 spell levels left.
You didn't know any spells.
Your spell library was empty.

Dungeon Overview and Level Annotations

Branches:
Dungeon (10/15)            Temple (0/1) D:7            Lair (0/5) D:9
    Orc (2/2) D:10            Elf (0/3) Orc:2

Altars:
Cheibriados
Elyvilon
Gozag
Trog
Uskayaw
Wu Jian
Yredelemnul

Shops:
D:4 !   Orc:2 !**


Innate Abilities, Weirdness & Mutations

You have a pair of horns on your head.
You reflexively headbutt those who attack you in melee.
You are clumsy. (Dex -2)


Message History

Trog accepts your kill.
The red devil disappears in a puff of smoke!
You barely miss the hellwing. You barely miss the orc sorcerer.
The orc sorcerer gestures wildly while chanting.
The orc sorcerer barely misses you. The hellwing hits you.
The hellwing hits you!
You hear a shout!
Your Fighting skill increases to level 11!
You hit the orc sorcerer. You freeze the orc sorcerer.
You barely miss the hellwing.
The orc sorcerer hits you with a +0 dagger.
The orc sorcerer mumbles some strange words.
The hellwing hits you but does no damage.
You block the hellwing's attack.
You slash the orc sorcerer! You freeze the orc sorcerer!
You barely miss the hellwing.
The orc sorcerer hits you with a +0 dagger.
* * * LOW HITPOINT WARNING * * *
The orc sorcerer gestures wildly while chanting.
An orc high priest comes into view. It is wielding a +0 morningstar.
The hellwing barely misses you. You furiously retaliate!
You headbutt the hellwing. You block the hellwing's attack.
You closely miss the orc sorcerer. Your headbutt misses the orc sorcerer.
You hit the hellwing but do no damage.
The orc sorcerer hits you with a +0 dagger.
* * * LOW HITPOINT WARNING * * *
You block the hellwing's attack.
The hellwing hits you but does no damage.
You completely miss the orc sorcerer. You closely miss the hellwing.
The red devil barely misses you. The orc sorcerer casts a spell at you.
The bolt of fire hits you!!
* * * LOW HITPOINT WARNING * * *
The hellwing hits you but does no damage.
The hellwing hits you.
* * * LOW HITPOINT WARNING * * *
You slash the orc sorcerer! You freeze the orc sorcerer.
You kill the orc sorcerer!
Trog accepts your kill.
Trog appreciates your killing of a magic user.
The hellwing disappears in a puff of smoke!
The red devil hits you from afar with a +2 demon trident of venom.
* * * LOW HITPOINT WARNING * * *
Barbed spikes become lodged in your body.
You are poisoned.
Your Axes skill increases to level 15!
You fade into invisibility!
You feel sick.
The red devil hits you from afar with a +2 demon trident of venom!
You die...

#..###...###))o#
..###.).##.##...##
.......##...##o..#
.)#...##
#4.##...## #....##
#o. #.#.## .)..##
#.o.....## #).##
##4#4(...# ....##
#..))...# #)...##
##@#.# ..#...##
##)..# .).....##
##...## ..###...##
##)).##
#.)###...###.).##
##.[###...#)..##
###.)###.#)#.##
.###).###.).##
..###).###.##


You could see an orc high priest (unable to see you), a rust devil (summoned,
unable to see you), an orc sorcerer and 2 red devils.

Vanquished Creatures
  Nessos (Orc:2)
  A two-headed ogre (D:7)
  3 death yaks (D:8)
  2 orc high priests (Orc:2)
  Urug (Orc:2)
  Pikel (D:6)
  4 orc sorcerers (Orc:2)
  4 orc knights (Orc:2)
  A rust devil (Orc:2)
  Maggie (D:6)
  2 rime drakes (Orc:1)
  2 ice devils (Orc:2)
  2 trolls
  A shadow (D:10)
  11 yaks
  A wyvern (D:10)
  3 fire bats (D:7)
  2 fire elementals (D:7)
  A steam dragon (D:8)
  3 vampire mosquitoes (D:10)
  A neqoxec (Orc:2)
  Menkaure (D:5)
  2 wargs (Orc:1)
  23 orc warriors
  2 ice beasts
  2 black bears (D:8)
  5 ogres
  A centaur (D:9)
  2 phantoms
  A lemure (D:6)
  A bullfrog (D:8)
  2 kobold brigands (D:8)
  2 necrophages
  2 gnoll sergeants (D:10)
  4 scorpions
  3 wights (D:8)
  3 killer bees (D:9)
  A troll zombie (D:10)
  6 howler monkeys
  2 jellies (D:6)
  Crazy Yiuf (D:4)
  3 hounds
  22 orc priests
  3 gnoll boudas
  Ijyb (D:5)
  4 iguanas
  22 orc wizards
  7 ogre zombies (D:10)
  Robin (D:3)
  9 adders
  25 gnolls
  3 shadow imps
  A worm (D:5)
  5 dart slugs
  83 orcs
  7 bats
  8 endoplasms
  2 giant cockroaches (D:2)
  12 goblins
  8 hobgoblins
  3 jackals (D:1)
  6 ball pythons
  6 frilled lizards
  A goblin skeleton (D:10)
  3 goblin zombies (D:10)
  4 hobgoblin zombies (D:10)
  18 kobolds
  4 orc skeletons (D:10)
  13 orc zombies (D:10)
  5 rats
403 creatures vanquished.

Vanquished Creatures (collateral kills)
  An orc priest (Orc:2)
  2 orcs (Orc:2)
3 creatures vanquished.

Vanquished Creatures (others)
  An orc priest (Orc:2)
  8 fungi (D:4)
  2 plants (D:5)
  3 toadstools (D:4)
14 creatures vanquished.

Grand Total: 420 creatures vanquished

Notes
Turn   | Place    | Note
-------+----------+-------------------------------------------
     0 | D:1      | Pooter the Minotaur Berserker began the quest for the Orb.
     0 | D:1      | Reached XP level 1. HP: 19/19 MP: 0/0
   162 | D:1      | Reached skill level 4 in Axes
   164 | D:1      | Reached XP level 2. HP: 14/27 MP: 1/1
   686 | D:1      | Reached ** piety under Trog
   851 | D:2      | Reached XP level 3. HP: 33/33 MP: 2/2
   852 | D:2      | Found a faded altar of an unknown god.
  1105 | D:2      | Reached skill level 5 in Axes
  1331 | D:2      | Reached XP level 4. HP: 40/41 MP: 3/3
  1808 | D:3      | Found a white marble altar of Elyvilon.
  1816 | D:3      | Reached skill level 1 in Staves
  2048 | D:3      | Noticed Robin
  2064 | D:3      | Killed Robin
  2140 | D:3      | Reached *** piety under Trog
  2392 | D:4      | Found Agevy's Distillery.
  2392 | D:4      | Noticed a necrophage
  2403 | D:4      | Killed a necrophage
  2404 | D:4      | Reached skill level 1 in Ranged Weapons
  2404 | D:4      | Reached skill level 1 in Evocations
  2404 | D:4      | Reached XP level 5. HP: 47/47 MP: 4/4
  2541 | D:4      | Bought a potion of heal wounds for 50 gold pieces
  2541 | D:4      | Bought a potion of curing for 30 gold pieces
  2541 | D:4      | Bought a potion of curing for 30 gold pieces
  2541 | D:4      | Bought a potion of curing for 30 gold pieces
  2752 | D:4      | Reached skill level 5 in Fighting
  2752 | D:4      | Reached skill level 6 in Axes
  2763 | D:4      | You fall into a shaft and drop 1 floor!
  2763 | D:5      | Entered Level 5 of the Dungeon
  2768 | D:5      | Noticed a lemure
  2768 | D:5      | Noticed Menkaure
  2768 | D:5      | Noticed a lemure
  2769 | D:5      | Noticed a lemure
  2770 | D:5      | Noticed Pikel
  2796 | D:6      | Reached XP level 6. HP: 56/56 MP: 5/5
  2852 | D:6      | Killed Pikel
  2853 | D:6      | Reached skill level 7 in Axes
  2853 | D:6      | Reached XP level 7. HP: 58/62 MP: 6/6
  2996 | D:5      | Reached XP level 8. HP: 55/70 MP: 7/7
  3067 | D:5      | Killed Menkaure
  3068 | D:5      | Reached skill level 8 in Axes
  3068 | D:5      | Reached skill level 5 in Ranged Weapons
  3254 | D:4      | Bought a potion of mutation for 80 gold pieces
  3254 | D:4      | Bought a potion of heal wounds for 50 gold pieces
  3254 | D:4      | Bought a potion of curing for 30 gold pieces
  3254 | D:4      | Bought a potion of curing for 30 gold pieces
  3700 | D:4      | Identified the +5 short sword of Virtue {vorpal, Will+
                  | Str+4}
  3823 | D:4      | Found a runed translucent door.
  3824 | D:4      | Noticed Crazy Yiuf
  3832 | D:4      | Killed Crazy Yiuf
  3969 | D:5      | Noticed Ijyb
  3980 | D:5      | Killed Ijyb
  4494 | D:6      | Reached skill level 9 in Axes
  4719 | D:6      | Noticed Maggie
  4739 | D:6      | Killed Maggie
  4740 | D:6      | Reached XP level 9. HP: 62/79 MP: 8/8
  5562 | D:7      | Found a transporter.
  5570 | D:7      | Noticed a two-headed ogre
  5586 | D:7      | Killed a two-headed ogre
  5587 | D:7      | Reached skill level 10 in Axes
  5775 | D:7      | Found a transporter.
  5801 | D:7      | Found an opulent altar of Gozag.
  5801 | D:7      | Found a snail-covered altar of Cheibriados.
  5808 | D:7      | Found a faded altar of an unknown god.
  5810 | D:7      | Found a basalt altar of Yredelemnul.
  5812 | D:7      | Found a hide-covered altar of Uskayaw.
  5948 | D:7      | Found a staircase to the Ecumenical Temple.
  6977 | D:7      | Identified a scroll of acquirement
  6978 | D:7      | Acquired a +1 battleaxe of freezing
  7225 | D:8      | Reached skill level 11 in Axes
  7225 | D:8      | Reached skill level 5 in Evocations
  7225 | D:8      | Reached XP level 10. HP: 88/88 MP: 9/9
  7309 | D:8      | Found an ornate altar of the Wu Jian Council.
  7432 | D:8      | Reached **** piety under Trog
  7523 | D:8      | Identified the +2 sling of Obococw {vorpal, *Corrode rC+
                  | Will+ Str+4}
  7799 | D:8      | Identified the +7 hand axe of Discomfort {spect, Fragile
                  | rPois rN+}
  7867 | D:8      | Found a bloodstained altar of Trog.
  8369 | D:9      | Noticed a death yak
  8389 | D:8      | Killed a death yak
  8465 | D:9      | Noticed a death yak
  8466 | D:9      | Noticed a death yak
  8476 | D:8      | Killed a death yak
  8477 | D:8      | Reached skill level 12 in Axes
  8477 | D:8      | Reached skill level 10 in Ranged Weapons
  8482 | D:8      | Killed a death yak
  8715 | D:9      | Found a staircase to the Lair.
  9301 | D:10     | Entered Level 10 of the Dungeon
  9433 | D:10     | Reached XP level 11. HP: 86/97 MP: 10/10
  9629 | D:10     | Reached skill level 13 in Axes
 10717 | D:10     | Found a staircase to the Orcish Mines.
 10740 | Orc:1    | Entered Level 1 of the Orcish Mines
 11194 | Orc:2    | Entered Level 2 of the Orcish Mines
 11194 | Orc:2    | Found Ygann's Distillery.
 11214 | Orc:2    | Bought a potion of curing for 45 gold pieces
 11214 | Orc:2    | Bought a potion of mutation for 120 gold pieces
 11214 | Orc:2    | Bought a potion of attraction for 45 gold pieces
 11214 | Orc:2    | Bought a potion of heal wounds for 75 gold pieces
 11214 | Orc:2    | Bought a potion of heal wounds for 75 gold pieces
 11273 | Orc:2    | Found a staircase to the Elven Halls.
 11319 | Orc:2    | Found a flickering gateway to a bazaar.
 11334 | Bazaar   | Entered a bazaar
 11334 | Bazaar   | Found Daptamy's Jewellery Boutique.
 11334 | Bazaar   | Found Ymmysad's Book Boutique.
 11347 | Bazaar   | Bought a ring of see invisible for 135 gold pieces
 11347 | Bazaar   | Bought a ring of see invisible for 135 gold pieces
 11356 | Bazaar   | Found Nohigg's Magic Scroll Shop.
 11365 | Bazaar   | Bought a scroll of identify for 20 gold pieces
 11365 | Bazaar   | Bought a scroll of silence for 95 gold pieces
 11365 | Bazaar   | Bought a scroll of identify for 20 gold pieces
 11365 | Bazaar   | Bought a scroll of identify for 20 gold pieces
 11365 | Bazaar   | Bought a scroll of immolation for 40 gold pieces
 11365 | Bazaar   | Bought a scroll of identify for 20 gold pieces
 11400 | Bazaar   | Found Biewa's Magic Scroll Boutique.
 11408 | Bazaar   | Bought a scroll of identify for 24 gold pieces
 11408 | Bazaar   | Bought a scroll of blinking for 90 gold pieces
 11489 | Bazaar   | Bought the amulet "Tuwin" {Reflect rN+ Regen+ rCorr Str-5
                  | Dex-4 SH+5} for 270 gold pieces
 11611 | Orc:1    | Reached skill level 10 in Fighting
 11761 | Orc:2    | Noticed an orc knight
 11772 | Orc:2    | Killed an orc knight
 13228 | Orc:2    | Found Naof's General Store.
 13247 | Orc:2    | Found Qaqef's General Store.
 13263 | Orc:2    | Gained mutation: You are clumsy. (Dex -2) [a neqoxec]
 13277 | Orc:2    | Bought 2 scrolls of noise for 26 gold pieces
 13331 | Orc:2    | Noticed an orc sorcerer
 13332 | Orc:2    | Noticed an orc sorcerer
 13339 | Orc:2    | Noticed an orc knight
 13340 | Orc:2    | Reached skill level 14 in Axes
 13343 | Orc:2    | Noticed an orc sorcerer
 13826 | Orc:2    | Noticed Urug
 13850 | Orc:2    | Killed Urug
 13851 | Orc:2    | Reached XP level 12. HP: 107/107 MP: 11/11
 14826 | Orc:2    | Noticed Nessos
 14838 | Orc:2    | Killed Nessos
 14949 | Orc:2    | Noticed an orc high priest
 14970 | Orc:2    | Killed an orc high priest
 15009 | Orc:2    | Noticed an orc high priest
 15019 | Orc:2    | Killed an orc high priest
 15021 | Orc:2    | Noticed an orc high priest
 15025 | Orc:2    | Reached skill level 15 in Axes
 15025 | Orc:2    | Slain by a red devil

Illustrated notes

Levels and vault maps discovered:
D:1:      minmay_arrival_five_plusses, layout_loops_ring
D:2:      minmay_recursive_quarters, layout_loops_cross, basic_ecumenical_altar
D:3:      layout_rooms, elyvilon_altar_4, uniq_robin
D:4:      layout_loops_ring, serial_shops, nicolae_shop_trees,
          minmay_gold_behind_fungi, uniq_crazy_yiuf_cottage
D:5:      layout_cave_pools, saegor_snake_ambush, uniq_pikel, uniq_menkaure,
          uniq_ijyb
D:6:      layout_layer_cave, uniq_maggie
D:7:      gammafunk_cloud_chamber, layout_layer_cave,
          chequers_temple_overflow_minitemple,
          minmay_temple_entry_gardened_gates
D:8:      layout_basic, nicolae_wu_jian_wuxing_cycle, trog_ov_bears_minmay
D:9:      layout_rooms, dpeg_lair_monsters
D:10:     layout_small_grid, zombieorc2_lemuel
Orc:1:    layout_diamond_mine, portal_ice_cave_rime, mines1_david
Orc:2:    pf_orc_diabolical, layout_caves, gammafunk_ghost_berserking_beasts,
          serial_shops, bzr_entry_gold, shop_coins, shop, uniq_nessos, uniq_urug

Skill      XL: |  1  2  3  4  5  6  7  8  9 10 11 12 |
---------------+-------------------------------------+-----
Axes           | 4 5 6 7 9 11 12 14 15 | 15.0
Fighting       | 4 5 6 7 8 9 10 11 | 11.0
Staves         | 1 |  1.0
Ranged Weapons | 1 2 4 6 8 10 12 | 12.9
Evocations     | 1 2 3 5 6 7 |  7.7
Armour         | |  2.4
Dodging        | |  2.1

Action                   |  1- 3 |  4- 6 |  7- 9 | 10-12 || total
-------------------------+-------+-------+-------+-------++-------
Melee: Hand axe          |    77 |       |       |       ||    77
       Headbutt          |    10 |     3 |    29 |    67 ||   109
       Punch             |     1 |       |     3 |       ||     4
       Lajatang          |    14 |    13 |       |       ||    27
       War axe           |       |    44 |   175 |       ||   219
       Battleaxe         |       |       |     8 |   389 ||   397
 Fire: Sling             |       |    18 |    58 |       ||    76
       Shortbow          |       |       |       |    40 ||    40
       Arbalest          |       |       |       |   193 ||   193
Throw: Boomerang         |       |       |     6 |    26 ||    32
       Dart              |       |       |       |     5 ||     5
Invok: Berserk           |       |     4 |     8 |     7 ||    19
       Trog's Hand       |       |     2 |     4 |    24 ||    30
Evoke: Wand              |       |       |     2 |    16 ||    18
  Use: Scroll            |     1 |     3 |     8 |    10 ||    22
       Potion            |       |       |     2 |     1 ||     3
 Stab: Sleeping          |     1 |       |       |       ||     1
       Paralysed         |       |       |     5 |    12 ||    17
Armor: Animal skin       |    17 |    25 |     9 |       ||    51
       Chain mail        |       |       |   153 |   269 ||   422
Dodge: Dodged            |    61 |    63 |    87 |   138 ||   349
Block: Other             |       |       |       |    30 ||    30

Table legend: (Time is in decaauts)
 A = Elapsed time spent in this place.
 B = Non-inter-level travel time spent in this place.
 C = Inter-level travel time spent in this place.
 D = Time resting spent in this place.
 E = Time spent auto-exploring this place.
 F = Levels seen in this place.
 G = Mean time per level.
                   A        B        C        D        E       F      G
               +--------+--------+--------+--------+--------+-----+--------+
         Total |  15376 |  14943 |    433 |   5264 |   6495 |  13 | 1182.8 |
       Dungeon |  11006 |  10573 |    433 |   2502 |   5936 |  10 | 1100.6 |
  Orcish Mines |   4190 |   4190 |      0 |   2761 |    498 |   2 | 2095.0 |
        Bazaar |    179 |    179 |      0 |      0 |     61 |   1 |  179.0 |
               +--------+--------+--------+--------+--------+-----+--------+

Top non-repeatable levels by time:
   Orc:2: 3619 daAuts
     D:7: 1870 daAuts
    D:10: 1482 daAuts
     D:8: 1277 daAuts
     D:4: 1188 daAuts
     D:6: 1166 daAuts
     D:2: 969 daAuts
     D:9: 958 daAuts
     D:1: 852 daAuts
     D:5: 711 daAuts
   Orc:1: 571 daAuts
     D:3: 528 daAuts
  Bazaar: 179 daAuts
